[Event "6th Porticcio Open 2019"]
[Site "Porticcio"]
[Date "2019.07.06"]
[Round "9.2"]
[White "Onischuk, Vladimir"]
[Black "Sadhwani, Raunak"]
[Result "1/2-1/2"]
[ECO "C24"]
[WhiteElo "2630"]
[BlackElo "2482"]
[Annotator "RC"]
[PlyCount "100"]
[EventDate "2019.06.23"]
[EventType "swiss"]
[EventCountry "FRA"]
[SourceTitle "playchess.com"]
[Source "ChessBase"]
[SourceQuality "1"]
[TimeControl "5400+30"]

1. e4 e5 2. Bc4 Nf6 3. d3 c6 4. Nf3 d5 5. Bb3 Bb4+ 6. Bd2 Bxd2+ 7. Nbxd2 a5 8. a4 Nbd7 9. O-O O-O 10. Re1 Re8 11. exd5 cxd5 12. Nf1 Qc7 13. Ne3 Nb6 14. d4 e4 15. Ne5 Be6 16. f4 exf3 17. Qxf3 Nbd7 18. Nxd7 Qxd7 19. c3 Qd6 20. Re2 Re7 21. Rae1 Rae8 22. h3 Kf8 23. Nd1 Ne4 24. Bc2 Nf6 25. Nf2 Bd7 26. Rxe7 Rxe7 27. Rxe7 Qxe7 28. Nd3 Qe8 29. b3 Qe4 30. Qf2 Qe7 31. Ne5 Be6 32. c4 Qb4 33. c5 Qc3 34. Nf3 Ne4 35. Qe2 Bf5 36. Kh2 h5 37. Bd3 Qxb3 38. Ne5 g6 39. g4 hxg4 40. hxg4 Be6 41. Bxe4 dxe4 42. Qxe4 Qxa4 43. Nxg6+ fxg6 44. Qxe6 Qxd4 45. Qc8+ Kg7 46. Qxb7+ Kh6 47. c6 Qf2+ 48. Kh3 Qf3+ 49. Kh2 Qf2+ 50. Kh3 Qf3+ 1/2-1/2

[Event "6th Porticcio Open 2019"]
[Site "Porticcio"]
[Date "2019.07.06"]
[Round "9.3"]
[White "Krasenkow, Michal"]
[Black "Donchenko, Alexander"]
[Result "1-0"]
[ECO "D02"]
[WhiteElo "2620"]
[BlackElo "2618"]
[Annotator "RC"]
[PlyCount "87"]
[EventDate "2019.06.23"]
[EventType "swiss"]
[EventCountry "FRA"]
[SourceTitle "playchess.com"]
[Source "ChessBase"]
[SourceQuality "1"]
[TimeControl "5400+30"]

1. Nf3 d5 2. d4 Nf6 3. c4 e6 4. g3 Bb4+ 5. Bd2 Be7 6. Bg2 O-O 7. O-O Nbd7 8. Qb3 c6 9. Bg5 b6 10. Rd1 Bb7 11. Nc3 Rc8 12. Rac1 h6 13. Bxf6 Nxf6 14. Ne5 Nd7 15. Nxd7 Qxd7 16. e4 dxc4 17. Qxc4 c5 18. d5 Bf6 19. e5 Bxe5 20. dxe6 Qe7 21. Rd7 Qg5 22. exf7+ Kh8 23. f4 Bd4+ 24. Qxd4 cxd4 25. fxg5 Bxg2 26. Kxg2 dxc3 27. Rxc3 Rxc3 28. bxc3 hxg5 29. Rxa7 g6 30. Rb7 Kg7 31. Rxb6 Rxf7 32. a4 Ra7 33. Rb4 Kf6 34. Kf3 Rh7 35. a5 Rxh2 36. Ra4 Rc2 37. a6 Rxc3+ 38. Kg4 Rc8 39. a7 Ra8 40. Ra6+ Kg7 41. Kxg5 Kh7 42. g4 Kh8 43. Kxg6 Rg8+ 44. Kf7 1-0

[Event "6th Porticcio Open 2019"]
[Site "Porticcio"]
[Date "2019.07.06"]
[Round "9.4"]
[White "Vocaturo, Daniele"]
[Black "Boyer, Mahel"]
[Result "1-0"]
[ECO "C11"]
[WhiteElo "2612"]
[BlackElo "2295"]
[Annotator "RC"]
[PlyCount "71"]
[EventDate "2019.06.23"]
[EventType "swiss"]
[EventCountry "FRA"]
[SourceTitle "playchess.com"]
[Source "ChessBase"]
[SourceQuality "1"]
[TimeControl "5400+30"]

1. e4 e6 2. d4 d5 3. Nc3 Nf6 4. e5 Nfd7 5. f4 c5 6. Nf3 Nc6 7. Be3 Be7 8. Qd2 O-O 9. h4 cxd4 10. Nxd4 Bxh4+ 11. Kd1 Nxd4 12. Bxd4 f5 13. Bd3 Be7 14. g4 Nc5 15. Qh2 h6 16. Ke2 Nxd3 17. cxd3 Kh7 18. Rag1 b6 19. gxf5 Rxf5 20. Qg3 Qf8 21. Qg6+ Kh8 22. Nxd5 exd5 23. e6 Rf6 24. Bxf6 Bxf6 25. Rh2 Bxe6 26. Rgh1 Bh3 27. Rxh3 Qe8+ 28. Qxe8+ Rxe8+ 29. Re3 Rc8 30. Kf3 Bxb2 31. Rh5 Rc5 32. Re8+ Kh7 33. Rd8 Ra5 34. Rdxd5 Rxa2 35. Rh2 a6 36. Rc2 1-0

[Event "6th Porticcio Open 2019"]
[Site "Porticcio"]
[Date "2019.07.06"]
[Round "9.6"]
[White "Sanchez, Louis"]
[Black "Zhigalko, Sergei"]
[Result "1-0"]
[ECO "A07"]
[WhiteElo "2316"]
[BlackElo "2594"]
[Annotator "ChessBase"]
[PlyCount "92"]
[EventDate "2019.06.23"]
[EventType "swiss"]
[EventCountry "FRA"]
[SourceTitle "playchess.com"]
[Source "ChessBase"]
[SourceQuality "1"]
[TimeControl "5400+30"]

1. Nf3 Nf6 2. g3 d5 3. Bg2 c6 4. O-O Bg4 5. c4 e6 6. cxd5 exd5 7. Qb3 Qb6 8. Qc2 Nbd7 9. d3 Be7 10. Nc3 O-O 11. e4 Rfe8 12. Be3 Qa6 13. h3 Bxf3 14. Bxf3 dxe4 15. dxe4 Bc5 16. Bf4 Ne5 17. Be2 Qa5 18. Rad1 Ng6 19. Bc1 Re7 20. a3 Qc7 21. Kg2 Nd7 22. f4 f6 23. Na4 Bb6 24. Bd2 Rae8 25. Bf3 Ba5 26. b4 Bb6 27. Nxb6 axb6 28. a4 Ngf8 29. Be3 Ne6 30. Rd3 Kh8 31. h4 Nb8 32. Rfd1 Na6 33. Qd2 c5 34. b5 Nb8 35. Rd5 Nf8 36. h5 Nbd7 37. Rd6 c4 38. Qc3 Ra8 39. Qc2 Ne6 40. R1d5 Nec5 41. Bxc5 Nxc5 42. Qxc4 Ree8 43. h6 Rxa4 44. Qc2 Rea8 45. Kh3 gxh6 46. Qc3 Qe7 1-0

[Event "6th Porticcio Open 2019"]
[Site "Porticcio"]
[Date "2019.07.06"]
[Round "9.7"]
[White "Yankelevich, Lev"]
[Black "Delorme, Axel"]
[Result "1/2-1/2"]
[ECO "D14"]
[WhiteElo "2484"]
[BlackElo "2502"]
[Annotator "ChessBase"]
[PlyCount "32"]
[EventDate "2019.06.23"]
[EventType "swiss"]
[EventCountry "FRA"]
[SourceTitle "playchess.com"]
[Source "ChessBase"]
[SourceQuality "1"]
[TimeControl "5400+30"]

1. d4 d5 2. c4 c6 3. cxd5 cxd5 4. Nc3 Nf6 5. Nf3 Nc6 6. Bf4 Bf5 7. e3 e6 8. Bd3 Bxd3 9. Qxd3 Bd6 10. Bxd6 Qxd6 11. O-O O-O 12. Rfc1 Rfc8 13. Nb5 Qe7 14. Nc3 Qd6 15. Nb5 Qe7 16. Nc3 Qd6 1/2-1/2

[Event "6th Porticcio Open 2019"]
[Site "Porticcio"]
[Date "2019.07.06"]
[Round "9.8"]
[White "Kovchan, Alexander"]
[Black "Guichard, Pauline"]
[Result "1-0"]
[ECO "C60"]
[WhiteElo "2566"]
[BlackElo "2409"]
[Annotator "ChessBase"]
[PlyCount "55"]
[EventDate "2019.06.23"]
[EventType "swiss"]
[EventCountry "FRA"]
[SourceTitle "playchess.com"]
[Source "ChessBase"]
[SourceQuality "1"]
[TimeControl "5400+30"]

1. e4 e5 2. Nf3 Nc6 3. Bb5 g6 4. c3 a6 5. Bxc6 dxc6 6. d4 exd4 7. cxd4 Bg4 8. Qb3 Bxf3 9. gxf3 Rb8 10. Be3 Bg7 11. Nc3 Nf6 12. O-O-O O-O 13. Rhg1 Re8 14. h4 Qd7 15. Rg5 Qh3 16. e5 Nd5 17. Nxd5 cxd5 18. Qxd5 Qxh4 19. Rdg1 c5 20. f4 Qh3 21. dxc5 Red8 22. Qe4 Qe6 23. f5 Qxa2 24. f6 Bf8 25. e6 fxe6 26. Rxg6+ Kf7 27. Rg8 Ke8 28. Bh6 1-0